 Dungeon Crawl Stone Soup version 0.22-a0-362-g535178c (webtiles) character file.

9 Kikal the Digger (level 2, -1/11 HPs)
             Began as a Felid Earth Elementalist on Apr 20, 2018.
             Slain by a jackal (3 damage)
             ... on level 1 of the Dungeon.
             The game lasted 00:01:52 (578 turns).

Kikal the Digger (Felid Earth Elementalist)          Turns: 578, Time: 00:01:53

Health: -1/11      AC:  1    Str:  4    XL:     2   Next: 3%
Magic:  1/6        EV: 18    Int: 16    God:
Gold:   11         SH:  0    Dex: 16    Spells: 4/5 levels left
                                        Lives:  0   Deaths: 0

rFire    . . .     SeeInvis +   (weapon unavailable)
rCold    . . .     Gourm    .   (shield unavailable)
rNeg     . . .     Faith    .   (armour unavailable)
rPois    .         Spirit   .   (helmet unavailable)
rElec    .         Reflect  .   (cloak unavailable)
rCorr    .         Harm     .   (gloves unavailable)
MR       .....                  (boots unavailable)
Stlth    +++.......             (no amulet)
HPRegen  0.03/turn              (no ring)
MPRegen  0.10/turn              (no ring)

@: very slightly contaminated, quick
A: very small, no armour, no weapons or thrown items, stealth, claws 1, fangs 3,
see invisible, carnivore, speed 1, shaggy fur 1, slow metabolism 1, sharp paws
a: no special abilities


You were on level 1 of the Dungeon.
You were not hungry.

You visited 1 branch of the dungeon, and saw 1 of its levels.

You collected 11 gold pieces.

Inventory:

Missiles
 b - 56 stones
Jewellery
 d - an uncursed ring of poison resistance {unknown}
Scrolls
 a - a scroll of fear {unknown}
Comestibles
 c - 2 rations


   Skills:
 - Level 2.6 Dodging
 - Level 2.6 Stealth
 + Level 2.2 Spellcasting
   Level 1.1 Transmutations
 * Level 3.1 Earth Magic


You had 4 spell levels left.
You knew the following spells:

 Your Spells              Type           Power        Failure   Level  Hunger
a - Sandblast             Erth           ##....       5%          1    #......


Dungeon Overview and Level Annotations

Branches:
Dungeon (1/15)

Altars:


Innate Abilities, Weirdness & Mutations

You cannot wear armour.
You are incapable of wielding weapons or throwing items.
Your paws allow you to move quietly. (Stealth)
You have sharp claws.
You have razor-sharp teeth.
You have supernaturally acute eyesight. (SInv)
You are carnivorous and can eat meat at any time.
You cover ground quickly.
You are covered in fur. (AC +1)
You have a slow metabolism.
Your sharp claws are effective at attacking unaware monsters.


Message History

Aim: a jackal The blast of sand hits the jackal.
b - 57 stones The jackal bites you.
A jackal comes into view.
You take 2 damage, and have 9/11 hp.
You now have 2/6 mp.
Aim: a jackal (almost dead)
The blast of sand hits the jackal.
b - 56 stones The jackal bites you.
The jackal closely misses you.
You take 3 damage, and have 6/11 hp.
MASSIVE DAMAGE!!
You now have 1/6 mp.
You scratch the jackal but do no damage.
The jackal bites you.
* * * LOW HITPOINT WARNING * * *
You take 3 damage, and have 3/11 hp.
MASSIVE DAMAGE!!
You barely miss the jackal. You bite the jackal, but do no damage.
The jackal bites you.
* * * LOW HITPOINT WARNING * * *
The jackal bites you.
You die...

###...###
##.......#
.........#
##.......########
####.)..........#
## #...########.#
.####### #.#
....# #####.#####
.##.# #.....@hh.#
.##.# #.###.###.#
....# #.# ##..#
#.# รท..## #.#
##.# #.. ...# ###
..## ..######


You could see 2 jackals.

Vanquished Creatures
  2 jackals (D:1)
  3 bats (D:1)
  2 frilled lizards (D:1)
  A kobold (D:1)
  3 rats (D:1)
11 creatures vanquished.

Notes
Turn   | Place    | Note
-------+----------+-------------------------------------------
     0 | D:1      | Kikal the Felid Earth Elementalist began the quest for the Orb.
     0 | D:1      | Reached XP level 1. HP: 7/7 MP: 4/4
   231 | D:1      | Reached skill level 3 in Earth Magic
   573 | D:1      | Reached XP level 2. HP: 11/11 MP: 4/6
   578 | D:1      | Slain by a jackal

Vault maps used:
D:1:      dpeg_arrival_fog, minmay_tree_intersection, minmay_quantized

Skill      XL: |  1 |
---------------+----+-----
Earth Magic    | 3 |  3.1
Dodging        | |  2.6
Stealth        | |  2.6
Spellcasting   | |  2.2
Transmutations | |  1.1

Action                   || total
-------------------------++-------
Melee: Unarmed           ||    19
       Bite              ||     3
 Cast: Sandblast         ||    10
 Stab: Sleeping          ||     1
  Eat: Chunk             ||     2
Armor: Skin              ||     7
Dodge: Dodged            ||    18

Table legend:
 A = Spawn XP
 B = Non-spawn XP
 C = Spawn XP percentage of total XP
 D = Spawn monster count
 E = Non-spawn monster count
 F = Spawn count percentage of total count
 G = Total turns spent on level
                    A         B        C        D         E        F      G
               +---------+---------+-------+---------+---------+-------+---------
         Total |       0 |      13 |   0.0 |       0 |      11 |   0.0 |   578
               +---------+---------+-------+---------+---------+-------+---------
           D:1 |       0 |      13 |   0.0 |       0 |      11 |   0.0 |   578
               +---------+---------+-------+---------+---------+-------+---------
